 Dungeon Crawl Stone Soup version 0.28-a0-863-g8cecda6153 (webtiles) character file.

Game seed: 4049803570327920217

228 bande the Covered (level 6, -25/38 HPs)
             Began as a Gargoyle Fighter on Nov 17, 2021.
             Annihilated by a large abomination (33 damage)
             ... on level 1 of the Abyss.
             The game lasted 00:05:28 (4278 turns).

bande the Covered (Gargoyle Fighter)                Turns: 4278, Time: 00:05:29

Health: -25/38     AC: 14    Str: 20    XL:     6   Next: 2%
Magic:  6/6        EV:  7    Int:  9    God:
Gold:   166        SH:  4    Dex: 10    Spells: 5/5 levels left

rFire   . . .      SeeInvis .   a - +1 war axe
rCold   . . .      Faith    .   c - +0 buckler
rNeg    + . .      Spirit   .   i - +0 chain mail
rPois   ∞          Reflect  .   (no helmet)
rElec   +          Harm     .   (no cloak)
rCorr   .          Rampage  .   (no gloves)
Will    .....                   (no boots)
Stlth   ..........              (no amulet)
HPRegen 0.12/turn               (no ring)
MPRegen 0.10/turn               (no ring)

@: no status effects
A: sickness immunity, AC +4, negative energy resistance 1, electricity
resistance, torment resistance 1, petrification resistance
a: no special abilities


You were on level 1 of the Abyss.
You visited 1 branch of the dungeon, and saw 4 of its levels.
You visited the Abyss 1 time.

You collected 166 gold pieces.

Inventory:

Hand Weapons
 a - a +1 war axe (weapon)
 l - a +0 flail
Armour
 c - a +0 buckler (worn)
 i - a +0 chain mail (worn)
Wands
 g - a wand of iceblast (9)
Scrolls
 k - 2 scrolls of enchant weapon
Potions
 b - 2 potions of lignification {unknown}
 d - a potion of might
 e - a potion of haste {unknown}
 f - a potion of heal wounds {unknown}
 h - 3 potions of flight
 j - a potion of berserk rage {unknown}
 n - 2 potions of curing {unknown}


   Skills:
 + Level 4.1 Fighting
 + Level 3.5 Axes
 + Level 4.4 Armour
 + Level 4.1 Shields
 * Level 1.4 Evocations


You had 5 spell levels left.
You didn't know any spells.
Your spell library was empty.

Dungeon Overview and Level Annotations

Branches:
Dungeon (4/15)
 Temple: D:4-7

Altars:
Elyvilon

Shops:
D:4 (

Annotations:
D:4 Blork the orc


Innate Abilities, Weirdness & Mutations

You are immune to sickness and miasma.
Your stone body is resilient. (AC +4)
You are immune to poison.
You resist negative energy. (rN+)
You are resistant to electric shocks. (rElec)
You are resistant to unholy torment.
You are immune to petrification.


Message History

A ball python is nearby!
You closely miss the ball python. The ball python barely misses you.
The ball python grabs you. The ball python constricts you.
The ball python bites you but does no damage.
The ball python constricts you.
You barely miss the ball python.
The ball python bites you but does no damage.
The ball python constricts you.
You barely miss the ball python. You block the ball python's attack.
The ball python constricts you. You block the ball python's attack.
The ball python constricts you.
You slash the ball python!
You kill the ball python!
No target in view!
No target in view!
No target in view!
No target in view!
No target in view!
Found Vumeamoe's Antique Weapon Shop.
Blork the orc comes into view.
He is wielding a +4 war axe of distortion and wearing a +2 robe of willpower.
Blork the orc looks satisfied for a moment.
You hit Blork the orc.
Blork the orc is lightly wounded.
Blork the orc hits you with a +4 war axe of distortion.
You are cast into the Abyss!
This branch contains the abyssal rune of Zot.
Found a corrupted altar of Lugonu.
There is a corrupted altar of Lugonu, spattered with blood here.
Unknown command.
Press < or > to pray at altars.
You closely miss the large abomination. The large abomination hits you!!
Ouch! That really hurt!
* * * LOW HITPOINT WARNING * * *
You slash the large abomination!
The large abomination is lightly damaged.
You hit the large abomination but do no damage.
The large abomination is lightly damaged.
The large abomination hits you!!
Ouch! That really hurt!
You die...

.... .....#..#.# .
.# ### .......≈#.#.
#.......
_......≈≈≈≈≈
#..#########...≈≈≈≈≈
..........≈≈♣≈≈
#######...≈≈≈≈≈
#.......#.≈≈≈≈≈
....# #X..≈≈≈≈≈ ..#.
#@..≈≈≈≈≈
#.......#.≈≈≈≈≈
#.........≈≈≈≈♣
≈≈≈≈≈≈≈≈≈≈≈≈≈≈♣
≈♣≈≈≈≈≈≈≈≈≈≈≈≈≈
≈≈≈≈≈≈≈≈≈≈≈≈≈≈≈
≈≈≈≈≈≈≈≈≈≈≈≈≈≈≈
≈≈≈≈≈≈≈♣≈≈≈≈≈≈≈


You could see a large abomination.

Vanquished Creatures
  2 orc priests (D:3)
  An orc wizard (D:3)
  3 gnolls
  An adder (D:3)
  An ufetubus (D:3)
  2 worms (D:2)
  2 dart slugs
  6 orcs
  8 ball pythons
  5 endoplasms
  4 giant cockroaches
  5 goblins
  6 hobgoblins
  3 jackals (D:1)
  14 kobolds
  3 quokkas
  7 bats
  3 frilled lizards
  6 rats
82 creatures vanquished.

Notes
Turn   | Place    | Note
-------+----------+-------------------------------------------
     0 | D:1      | bande the Gargoyle Fighter began the quest for the Orb.
     0 | D:1      | Reached XP level 1. HP: 14/14 MP: 1/1
   202 | D:1      | Reached XP level 2. HP: 19/19 MP: 2/2
   554 | D:1      | Reached XP level 3. HP: 23/23 MP: 3/3
  1011 | D:1      | Found a faded altar of an unknown god.
  1124 | D:2      | Found a white marble altar of Elyvilon.
  1606 | D:2      | Reached XP level 4. HP: 29/29 MP: 4/4
  2007 | D:3      | Reached skill level 1 in Evocations
  2007 | D:3      | Reached XP level 5. HP: 12/33 MP: 5/5
  2648 | D:3      | Found a white marble altar of Elyvilon.
  4163 | D:4      | Reached XP level 6. HP: 36/38 MP: 6/6
  4238 | D:4      | Found Vumeamoe's Antique Weapon Shop.
  4259 | D:4      | Noticed Blork the orc
  4263 | D:4      | Cast into level 1 of the Abyss (Blork the orc)
  4263 | Abyss:1  | Found a corrupted altar of Lugonu.
  4269 | Abyss:1  | Noticed a large abomination
  4278 | Abyss:1  | Annihilated by a large abomination

Illustrated notes

Levels and vault maps discovered:
D:1:      lightli_arrival_noodles, layout_basic,
          hellmonk_ecumenical_altar_leap_of_faith, st_stairs_4
D:2:      layout_rooms, basic_altar
D:3:      layout_basic, general_overflow_altar, serial_co_window_serial,
          co_window_paths_b, co_window_corner_a, co_window_cross_1,
          co_window_corner_a, co_window_paths_a, co_window_unsneaky_path_d,
          co_window_of_opportunity_b, co_window_broadway_c,
          co_window_broadway_a, co_window_paths_c, co_window_4corner_b,
          glass_columns_a, glass_columns_b, glass_columns_a, glass_columns_a
D:4:      layout_cave_pools, serial_shops, nicolae_shop_bloodbath_and_beyond,
          nicolae_inconvenience_store, shop, uniq_blork_the_orc
Abyss:1:  base:
D:2

Skill      XL: |  1  2  3  4  5 |
---------------+----------------+-----
Axes           | 2 3 |  3.5
Armour         | 4 |  4.4
Shields        | 4 |  4.1
Evocations     | 1 |  1.4
Fighting       | 4 |  4.1

Action                   |  1- 3 |  4- 6 || total
-------------------------+-------+-------++-------
Melee: War axe           |   119 |   107 ||   226
  Use: Scroll            |     6 |     2 ||     8
       Potion            |       |     1 ||     1
Armor: Scale mail        |    29 |       ||    29
       Chain mail        |    48 |    76 ||   124
Dodge: Dodged            |    53 |    39 ||    92
Block: Buckler           |    22 |    32 ||    54

Table legend: (Time is in decaauts)
 A = Elapsed time spent in this place.
 B = Non-inter-level travel time spent in this place.
 C = Inter-level travel time spent in this place.
 D = Time resting spent in this place.
 E = Time spent auto-exploring this place.
 F = Levels seen in this place.
 G = Mean time per level.
                   A        B        C        D        E       F      G
               +--------+--------+--------+--------+--------+-----+--------+
         Total |   4364 |   4283 |     81 |    842 |   2766 |   5 |  872.8 |
       Dungeon |   4349 |   4268 |     81 |    842 |   2766 |   4 | 1087.2 |
         Abyss |     15 |     15 |      0 |      0 |      0 |   1 |   15.0 |
               +--------+--------+--------+--------+--------+-----+--------+

Top non-repeatable levels by time:
     D:3: 2307 daAuts
     D:1: 1158 daAuts
     D:2: 737 daAuts
     D:4: 145 daAuts
 Abyss:1: 15 daAuts
